 Dungeon Crawl Stone Soup version 0.31-a0-216-g22e908daa7 (webtiles) character file.

Game seed: 2256306034229215261

1061 qw the Cleaver (level 8, -5/49 HPs)
             Began as a Gargoyle Fighter on July 2, 2023.
             Slain by Prince Ribbit (11 damage)
             ... on level 5 of the Dungeon.
             The game lasted 00:02:47 (4359 turns).

qw the Cleaver (Gargoyle Fighter)                   Turns: 4359, Time: 00:02:47

Health: -5/49      AC: 19    Str: 21 (23) XL:     8   Next: 27%
Magic:  8/8        EV:  8    Int:  6 (8)  God:
Gold:   171        SH:  4    Dex:  6 (9)  Spells: 7/7 levels left

rFire   + . .        Y - +0 war axe
rCold   . . .        c - +0 buckler
rNeg    + . .        k - +2 chain mail {rF+}
rPois   inf          (no helmet)
rElec   +            (no cloak)
rCorr   .            (no gloves)
SInv    .            (no boots)
Will    .....        (no amulet) Stlth
                     (no ring)
HPRegen 0.28/turn    (no ring)
MPRegen 0.11/turn

%: no passive effects
@: no status effects
A: sickness immunity, AC +5, negative energy resistance 1, electricity
resistance, torment resistance 1, petrification resistance, iridescent scales 1,
shaggy fur 1
a: no special abilities


You were on level 5 of the Dungeon.
You visited 1 branch of the dungeon, and saw 5 of its levels.
You also visited: Ossuary.

You collected 182 gold pieces.
You spent 11 gold pieces at shops.


Innate Abilities, Weirdness & Mutations

You are immune to sickness and miasma.
Your stone body is resilient. (AC +5)
You are immune to poison.
You resist negative energy. (rN+)
You are resistant to electric shocks. (rElec)
You are resistant to unholy torment.
You are immune to petrification.
You are partially covered in iridescent scales. (AC +2)
You are covered in fur. (AC +1)


   Skills:
 + Level 5.0 Fighting
 - Level 8.0 Axes
 - Level 3.2 Armour
 - Level 1.3 Dodging
 - Level 3.2 Shields


You had 7 spell levels left.
You didn't know any spells.
Your spell library was empty.

Inventory:

Hand Weapons
 p - a +0 flail
 Y - a +0 war axe (weapon)
Armour
 c - a +0 buckler (worn)
 f - a +0 plate armour
 j - a +0 helmet
 k - a +2 chain mail of fire resistance (worn)
 n - a +0 pair of boots
Jewellery
 r - an amulet of the acrobat
Scrolls
 g - a scroll of identify
 m - 2 scrolls of teleportation
Potions
 a - a potion of haste
 b - a potion of heal wounds {unknown}
 d - a potion of might
 e - 2 potions of lignification
 h - 2 potions of enlightenment
 i - 2 potions of curing
 l - a potion of resistance {unknown}
 o - a potion of mutation
 q - a potion of ambrosia {unknown}

Dungeon Overview and Level Annotations

Branches:
Dungeon (5/15)            Ossuary (visited)
 Temple: D:4-7

Altars:
Ru
Sif Muna
Wu Jian
Zin
The Shining One

Shops:
D:1 (

Annotations:
D:5 Prince Ribbit


Message History

You hit Prince Ribbit but do no damage.
Prince Ribbit hits you but does no damage.
You hit Prince Ribbit.
Prince Ribbit is lightly wounded.
Prince Ribbit hits you.
Prince Ribbit hits you but does no damage.
You miss Prince Ribbit.
Prince Ribbit is lightly wounded.
Prince Ribbit closely misses you.
Prince Ribbit blinks!
You miss Prince Ribbit.
Prince Ribbit is lightly wounded.
Prince Ribbit blinks!
Prince Ribbit blinks!
You hit Prince Ribbit.
Prince Ribbit is moderately wounded.
Prince Ribbit hits you!
You miss Prince Ribbit.
Prince Ribbit is moderately wounded.
Prince Ribbit closely misses you. Prince Ribbit barely misses you.
You miss Prince Ribbit.
Prince Ribbit is moderately wounded.
Prince Ribbit hits you but does no damage.
Prince Ribbit hits you.
You closely miss Prince Ribbit.
Prince Ribbit is moderately wounded.
Prince Ribbit hits you!
You miss Prince Ribbit.
Prince Ribbit is moderately wounded.
Prince Ribbit hits you. Prince Ribbit barely misses you.
You barely miss Prince Ribbit.
Prince Ribbit is moderately wounded.
Prince Ribbit hits you.
Prince Ribbit hits you but does no damage.
You hit Prince Ribbit.
Prince Ribbit is moderately wounded.
Prince Ribbit hits you but does no damage.
You slash Prince Ribbit!
Prince Ribbit is severely wounded.
Prince Ribbit hits you! x2
You die...

#.##...#.# #..####.
#.######.# #### #..# #.
#.# #.. ..# #..# #. #.
#..# #.# #..# ###..####
#.#####..####.
.......?###.............
#..#...##..####?.#####
#..........# #.....
##.#.@F##.## #.#####
##.###.# #.# #.##..[#
#.# #........ ..#
####...###### ...##
#####


You could see Prince Ribbit.

Vanquished Creatures
  2 ogres
  A phantom (D:4)
  Blork the orc (D:4)
  4 water moccasin zombies (Ossuary)
  A hound (D:4)
  An orc priest (D:4)
  A sleepcap (D:3)
  2 iguanas (D:5)
  An orc wizard (D:5)
  2 mummies (Ossuary)
  Robin (D:2)
  8 gnolls
  9 adders
  A white imp (D:5)
  2 ufetubi (D:4)
  9 adder zombies (Ossuary)
  3 dart slugs
  A worm (D:2)
  7 orcs (D:4)
  8 ball pythons
  2 bats (D:2)
  9 endoplasms
  9 giant cockroaches
  11 goblins
  11 hobgoblins
  3 jackals (D:1)
  4 quokkas
  3 frilled lizards (D:1)
  5 gnoll zombies (Ossuary)
  6 hobgoblin zombies (Ossuary)
  6 kobolds
  3 kobold zombies (Ossuary)
  An orc zombie (Ossuary)
  7 rats
145 creatures vanquished.

Notes
Turn   | Place    | Note
-------+----------+-------------------------------------------
     0 | D:1      | qw the Gargoyle Fighter began the quest for the Orb.
     0 | D:1      | Reached XP level 1. HP: 14/14 MP: 1/1
     0 | D:1      | 0 ||| qw: Version: 0.3-a-39-g4513739
     0 | D:1      | 0 ||| qw: Game counter: 7888
     0 | D:1      | 0 ||| qw: Melee chars always use a shield: true
     0 | D:1      | 0 ||| qw: God list: Okawaru
     0 | D:1      | 0 ||| qw: Allow faded altars: false
     0 | D:1      | 0 ||| qw: Do Orc after clearing Dungeon:15 true
     0 | D:1      | 0 ||| qw: Do second Lair branch before Depths: true
     0 | D:1      | 0 ||| qw: Lair rune preference: random
     0 | D:1      | 0 ||| qw: Goals: Normal, Zot:1-4, Slime:5, God:TSO, Crypt,
                  | Tomb, Abyss, Pan, Hells, Win
     0 | D:1      | 0 ||| PLANNING D:1-11
    15 | D:1      | 15 ||| Stepping ~*~*~tactically~*~*~ (stealth).
    27 | D:1      | Reached skill level 2 in Axes
    30 | D:1      | 30 ||| Stepping ~*~*~tactically~*~*~ (stealth).
    48 | D:1      | Found Sakisusk's Weapon Emporium.
    53 | D:1      | 53 ||| Stepping ~*~*~tactically~*~*~ (hiding).
    55 | D:1      | 55 ||| Stepping ~*~*~tactically~*~*~ (hiding).
    65 | D:1      | Reached XP level 2. HP: 19/19 MP: 2/2
    69 | D:1      | 69 ||| BUYING +0 club (11 gold).
    69 | D:1      | Bought a +0 club for 11 gold pieces
    81 | D:1      | 81 ||| Stepping ~*~*~tactically~*~*~ (stealth).
   122 | D:1      | 122 ||| Stepping ~*~*~tactically~*~*~ (stealth).
   130 | D:1      | 130 ||| Stepping ~*~*~tactically~*~*~ (stealth).
   134 | D:1      | 134 ||| Stepping ~*~*~tactically~*~*~ (stealth).
   163 | D:1      | 163 ||| Stepping ~*~*~tactically~*~*~ (stealth).
   197 | D:1      | 197 ||| Stepping ~*~*~tactically~*~*~ (hiding).
   205 | D:1      | Reached skill level 3 in Axes
   328 | D:1      | Found a faded altar of an unknown god.
   336 | D:1      | 336 ||| DROPPING +0 club.
   386 | D:1      | Reached XP level 3. HP: 19/23 MP: 3/3
   854 | D:1      | 854 ||| UPGRADING to +0 plate armour.
   864 | D:1      | 864 ||| DROPPING +0 scale mail.
   865 | D:1      | 865 ||| DRINKING 2 dark potions.
   866 | D:1      | 866 ||| DRINKING 2 coppery potions.
   867 | D:1      | 867 ||| DROPPING potion of brilliance.
   888 | D:2      | 888 ||| STAIRDANCE
   895 | D:1      | Reached XP level 4. HP: 17/28 MP: 4/4
   947 | D:2      | Reached skill level 4 in Axes
  1113 | D:2      | 1113 ||| Stepping ~*~*~tactically~*~*~ (stealth).
  1184 | D:2      | Reached XP level 5. HP: 32/32 MP: 5/5
  1429 | D:2      | 1429 ||| DROPPING +0 whip.
  1443 | D:2      | Reached skill level 5 in Axes
  1611 | D:2      | Noticed Robin
  1621 | D:2      | Killed Robin
  1716 | D:2      | 1716 ||| READING scroll labelled ENUGYV COIFE.
  1717 | D:2      | 1717 ||| READING 2 scrolls labelled JUDWO JUDID.
  1718 | D:2      | 1718 ||| READING 2 scrolls labelled ABITYX IHASOR.
  1723 | D:2      | 1723 ||| READING scroll labelled FIBLUZATUCW.
  1724 | D:2      | 1724 ||| READING scroll labelled KANERA TETIHAR.
  1725 | D:2      | 1725 ||| DRINKING 2 sedimented white potions.
  1763 | D:2      | 1763 ||| DROPPING scroll of noise.
  1964 | D:3      | Found a glowing golden altar of the Shining One.
  2029 | D:3      | Reached XP level 6. HP: 36/39 MP: 6/6
  2113 | D:3      | 2113 ||| Stepping ~*~*~tactically~*~*~ (hiding).
  2565 | D:3      | 2565 ||| READING 2 scrolls labelled JOHINU ZAHODGH.
  2566 | D:3      | 2566 ||| READING scroll labelled GOUXOH BOI.
  2566 | D:3      | Identified a scroll of acquirement
  2566 | D:3      | 2566 ||| ACQUIRING +2 chain mail of fire resistance
  2566 | D:3      | Acquired a +2 chain mail of fire resistance
  2568 | D:3      | 2568 ||| UPGRADING to +2 chain mail of fire resistance.
  2578 | D:3      | 2578 ||| DROPPING scroll of vulnerability.
  2586 | D:4      | 2586 ||| PLANNING OSSUARY
  2611 | D:4      | Found a shimmering blue altar of Sif Muna.
  2614 | D:4      | 2614 ||| Stepping ~*~*~tactically~*~*~ (stealth).
  2627 | D:4      | Found a sacrificial altar of Ru.
  2628 | D:4      | Found an ornate altar of the Wu Jian Council.
  2628 | D:4      | Found a glowing silver altar of Zin.
  2760 | D:4      | 2760 ||| Stepping ~*~*~tactically~*~*~ (stealth).
  2803 | D:4      | 2803 ||| Stepping ~*~*~tactically~*~*~ (stealth).
  2808 | D:4      | 2808 ||| Stepping ~*~*~tactically~*~*~ (stealth).
  2809 | D:4      | 2809 ||| Stepping ~*~*~tactically~*~*~ (stealth).
  2899 | D:4      | Found a sand-covered staircase.
  2900 | D:4      | 2900 ||| READING scroll labelled ASASAY ISHRIDAT.
  2901 | D:4      | 2901 ||| DRINKING 2 bubbling white potions.
  2901 | D:4      | Gained mutation: You are partially covered in iridescent
                  | scales. (AC +2) [potion of mutation]
  2901 | D:4      | Gained mutation: You are covered in fur. (AC +1) [potion of
                  | mutation]
  2910 | Ossuary  | Entered an ossuary
  2941 | Ossuary  | Reached skill level 6 in Axes
  2953 | Ossuary  | Reached skill level 1 in Dodging
  2953 | Ossuary  | Reached XP level 7. HP: 44/44 MP: 7/7
  3136 | Ossuary  | 3136 ||| FLEEEEING.
  3137 | Ossuary  | 3137 ||| FLEEEEING.
  3138 | Ossuary  | 3138 ||| FLEEEEING.
  3139 | Ossuary  | 3139 ||| FLEEEEING.
  3140 | Ossuary  | 3140 ||| FLEEEEING.
  3185 | Ossuary  | 3185 ||| READING scroll labelled JUAJOU KYROL.
  3186 | Ossuary  | 3186 ||| DRINKING 2 bubbling black potions.
  3187 | Ossuary  | 3187 ||| DRINKING 2 fizzy cyan potions.
  3188 | Ossuary  | 3188 ||| DRINKING 2 glowing cyan potions.
  3189 | Ossuary  | 3189 ||| DROPPING potion of invisibility.
  3195 | D:4      | 3195 ||| PLANNING D:1-11
  3280 | D:4      | Noticed Blork the orc
  3287 | D:4      | Killed Blork the orc
  3288 | D:4      | Reached skill level 7 in Axes
  3438 | D:4      | Reached XP level 8. HP: 49/49 MP: 8/8
  3450 | D:4      | 3450 ||| Stepping ~*~*~tactically~*~*~ (stealth).
  3451 | D:4      | 3451 ||| Stepping ~*~*~tactically~*~*~ (stealth).
  3610 | D:4      | 3610 ||| DRINKING 4 glowing dark potions.
  3611 | D:4      | 3611 ||| DROPPING 3 potions of degeneration.
  3664 | D:5      | Entered Level 5 of the Dungeon
  3669 | D:5      | 3669 ||| Stepping ~*~*~tactically~*~*~ (stealth).
  3670 | D:5      | 3670 ||| Stepping ~*~*~tactically~*~*~ (stealth).
  3679 | D:5      | 3679 ||| STAIRDANCE
  3706 | D:5      | 3706 ||| DRINKING 5 potions of curing.
  3706 | D:5      | 3706 ||| (to cure confusion)
  3707 | D:5      | 3707 ||| DRINKING 4 potions of curing.
  3707 | D:5      | 3707 ||| (to cure confusion)
  3708 | D:5      | 3708 ||| DRINKING 3 potions of curing.
  3708 | D:5      | 3708 ||| (to cure confusion)
  3709 | D:5      | 3709 ||| Stepping ~*~*~tactically~*~*~ (hiding).
  3710 | D:5      | 3710 ||| Stepping ~*~*~tactically~*~*~ (hiding).
  3711 | D:5      | 3711 ||| Stepping ~*~*~tactically~*~*~ (hiding).
  3712 | D:5      | 3712 ||| Stepping ~*~*~tactically~*~*~ (hiding).
  3713 | D:5      | 3713 ||| Stepping ~*~*~tactically~*~*~ (hiding).
  3819 | D:5      | Noticed Prince Ribbit
  3842 | D:5      | HP: 10/49 [Prince Ribbit (4)]
  3843 | D:5      | 3843 ||| READING 4 scrolls of teleportation.
  3966 | D:5      | HP: 10/49 [Prince Ribbit (12)]
  3967 | D:5      | 3967 ||| READING 3 scrolls of teleportation.
  4173 | D:5      | Reached skill level 8 in Axes
  4340 | D:5      | 4340 ||| Stepping ~*~*~tactically~*~*~ (stealth).
  4359 | D:5      | HP: 6/49 [Prince Ribbit (9)]
  4359 | D:5      | Slain by Prince Ribbit

Levels and vault maps discovered:
D:1:      sevenhm_arrival_forest_fort_small_3, layout_basic,
          hellmonk_ecumenical_altar_run_dry, serial_shops,
          nicolae_shop_bloodbath_and_beyond, minmay_misc_feat_plants
D:2:      layout_basic, minmay_pentomino_s2, uniq_robin
D:3:      layout_basic, tso_oasis_becter, palyth_stone_intersect, minivault_26
D:4:      layout_loops_ring, minitemple, enter_ossuary_1, uniq_blork_the_orc
D:5:      layout_loops_ring, minmay_hedge_maze, uniq_prince_ribbit1

Skill      XL: |  1  2  3  4  5  6  7  8 |
---------------+-------------------------+-----
Axes           | 2 3 4 5 6 7 8 |  8.0
Fighting       | 4 5 |  5.0
Dodging        | 1 |  1.3
Armour         | |  3.2
Shields        | |  3.2

Action                     |  1- 3 |  4- 6 |  7- 9 || total
---------------------------+-------+-------+-------++-------
  Melee: War axe           |    96 |   196 |   236 ||   528
    Use: Potion            |     2 |     2 |     7 ||    11
         Scroll            |       |     8 |     3 ||    11
   Stab: Invisible         |       |       |     1 ||     1
 Armour: Scale mail        |    45 |       |       ||    45
         Plate armour      |     8 |    90 |       ||    98
         Chain mail        |       |    38 |   131 ||   169
  Dodge: Dodged            |    40 |    54 |    67 ||   161
  Block: Buckler           |    15 |    39 |    34 ||    88

Table legend:
 A = Non-vault XP
 B = Vault XP
 C = Vault XP percentage of total XP
 D = Non-vault monster count
 E = Vault monster count
 F = Vault count percentage of total count
                 A         B        C        D         E       F
            +---------+---------+-------+---------+---------+-------
      Total |     979 |     538 |  35.5 |     104 |      41 |  28.3
            +---------+---------+-------+---------+---------+-------
        D:1 |      84 |       0 |   0.0 |      33 |       0 |   0.0
        D:2 |     164 |      32 |  16.3 |      22 |      10 |  31.2
        D:3 |      78 |       0 |   0.0 |      16 |       0 |   0.0
        D:4 |     388 |      85 |  18.0 |      26 |       1 |   3.7
        D:5 |     265 |       0 |   0.0 |       7 |       0 |   0.0
    Ossuary |       0 |     421 | 100.0 |       0 |      30 | 100.0
            +---------+---------+-------+---------+---------+-------
